 Dungeon Crawl Stone Soup version bcrawl-1.19.2-6-g6a88ae04c9 (webtiles) character file.

Game seed: 7136245812707105159

230 Mrkan the Slasher (level 5, -8/47 HPs)
             Began as a Minotaur Fighter on Jan 7, 2020.
             Mangled by an ogre
             ... wielding a +0 giant club
              (20 damage)
             ... on level 4 of the Dungeon.
             The game lasted 00:03:35 (2336 turns).

Mrkan the Slasher (Minotaur Fighter)                Turns: 2336, Time: 00:03:35

Health: -8/47      AC: 10    Str: 20    XL:     5   Next: 72%
Magic:  4/4        EV:  5    Int:  5    God:
Gold:   194        SH: 11    Dex: 11    Spells: 4/4 levels left

rFire    . . .     SeeInvis .   a - +0 long sword
rCold    . . .     Gourm    .   c - +0 shield
rNeg     . . .     Faith    .   o - +0 chain mail
rPois    .         Spirit   .   (helmet restricted)
rElec    .         Reflect  .   (no cloak)
rCorr    .         Harm     .   (no gloves)
MR       .....                  r - +0 pair of boots
Stlth    ..........             (no amulet)
HPRegen  0.15/turn              (no ring)
MPRegen  0.09/turn              (no ring)

@: no status effects
A: retaliatory headbutt, horns 2
a: no special abilities


You were on level 4 of the Dungeon.
You were not hungry.

You visited 1 branch of the dungeon, and saw 4 of its levels.

You collected 194 gold pieces.

Inventory:

Hand Weapons
 a - a +0 long sword (weapon)
Armour
 c - a +0 shield (worn)
 o - a +0 chain mail (worn)
 r - a +0 pair of boots (worn)
Jewellery
 h - a +4 ring of strength {unknown}
Wands
 u - a wand of flame (15)
Scrolls
 e - 3 scrolls of amnesia {unknown}
 g - a scroll of blinking {unknown}
 i - a scroll of enchant armour {unknown}
 j - a scroll of noise {unknown}
 k - 3 scrolls of remove curse {unknown}
 l - a scroll of fear {unknown}
 m - 3 scrolls of identify {unknown}
 q - a scroll of teleportation {unknown}
Potions
 b - a potion of curing {unknown}
 d - 3 potions of might
 n - 2 potions of degeneration {unknown}
 p - a potion of mutation {unknown}
 s - 2 potions of lignification {unknown}
 t - a potion of flight {unknown}
Comestibles
 f - 4 rations {!d}
 v - 14 chunks of flesh


   Skills:
 + Level 4.7 Fighting
 * Level 4.9 Long Blades
 + Level 4.8 Armour
 + Level 4.8 Shields


You had 4 spell levels left.
You didn't know any spells.
Your spell library was empty.

Dungeon Overview and Level Annotations

Branches:
Dungeon (4/12)
 Temple: D:4-7

Altars:
Xom
Yredelemnul


Innate Abilities, Weirdness & Mutations

You reflexively headbutt those who attack you in melee.
You have a pair of horns on your head.


Message History

You completely miss the ogre. The ogre hits you with a +0 giant club!
You hit the ogre.
The ogre is lightly wounded.
Your shield and chain mail prevent you from hitting the ogre.
The ogre is lightly wounded.
You block the ogre's attack.
You closely miss the ogre.
The ogre is lightly wounded.
The ogre hits you with a +0 giant club!!
* * * LOW HITPOINT WARNING * * *
You hit the ogre but do no damage. You headbutt the ogre.
The ogre is lightly wounded.
The ogre hits you with a +0 giant club.
* * * LOW HITPOINT WARNING * * *
Your chain mail prevents you from hitting the ogre.
You headbutt the ogre, but do no damage.
The ogre is lightly wounded.
You block the ogre's attack.
The ogre hits you with a +0 giant club!!
You die...

.#§§.≈#..≈.#
.##§#.≈_^≈#
#.##_.#†≈## #.
###.########
.#####.###.........#
..........########.#
....##.##.#
#.######## # #.
#O########.#.......
..
#.@..........######
### #...........>#
##########...# ##†.#
#..# #..# #..#
######..# ........#


You could see an ogre.

Vanquished Creatures
  3 orc wizards
  3 gnolls (D:2)
  2 adders
  An ooze (D:3)
  An adder skeleton (D:4)
  A worm (D:2)
  4 dart slugs
  4 leopard geckos
  5 orcs
  A ball python (D:1)
  7 bats
  3 giant cockroaches
  2 goblins
  6 hobgoblins
  10 jackals
  7 kobolds
  4 quokkas
  2 frilled lizards (D:2)
  4 rats
70 creatures vanquished.

Notes
Turn   | Place    | Note
-------+----------+-------------------------------------------
     0 | D:1      | Mrkan the Minotaur Fighter began the quest for the Orb.
     0 | D:1      | Reached XP level 1. HP: 19/19 MP: 0/0
   211 | D:1      | Reached XP level 2. HP: 25/27 MP: 1/1
   617 | D:1      | Reached XP level 3. HP: 33/33 MP: 2/2
  1259 | D:2      | Reached XP level 4. HP: 35/40 MP: 3/3
  1844 | D:3      | Found a basalt altar of Yredelemnul.
  1862 | D:3      | Reached XP level 5. HP: 47/47 MP: 4/4
  2306 | D:4      | Found a shimmering altar of Xom.
  2307 | D:4      | Found a shimmering altar of Xom.
  2308 | D:4      | Found a shimmering altar of Xom.
  2308 | D:4      | Found a shimmering altar of Xom.
  2322 | D:4      | Noticed an ogre
  2336 | D:4      | Mangled by an ogre

Skill      XL: |  1  2  3  4 |
---------------+-------------+-----
Long Blades    | 3 4 |  4.9
Armour         | 4 |  4.8
Fighting       | 4 |  4.7
Shields        | 4 |  4.8

Action                   |  1- 3 |  4- 6 || total
-------------------------+-------+-------++-------
Melee: Long sword        |    87 |    90 ||   177
       Headbutt          |    12 |    20 ||    32
  Eat: Chunk             |     1 |     4 ||     5
Armor: Scale mail        |     6 |       ||     6
       Chain mail        |    49 |    29 ||    78
Dodge: Dodged            |    22 |    20 ||    42
Block: Shield            |    40 |    57 ||    97
